 Dungeon Crawl Stone Soup version 0.29-a0-892-g2c4c91d9db (webtiles) character file.

Game seed: 9963328845796720485

625 pokeman the Magician (level 7, 0/58 HPs)
             Began as a Deep Elf Hedge Wizard on July 23, 2022.
             Succumbed to a water moccasin's poison
             ... on level 4 of the Dungeon.
             The game lasted 00:08:33 (4417 turns).

pokeman the Magician (Deep Elf Hedge Wizard)        Turns: 4417, Time: 00:08:34

Health: 0/58       AC:  8    Str:  7    XL:     7   Next: 23%
Magic:  7/20       EV: 12    Int: 21    God:
Gold:   54         SH:  0    Dex: 14    Spells: 10/21 levels left

rFire   . . .      SeeInvis .   k - +1 whip (venom)
rCold   . . .      Faith    .   (no shield)
rNeg    . . .      Spirit   .   w - +2 leather armour {rPois}
rPois   +          Reflect  .   c - +0 hat
rElec   .          Harm     .   A - +1 cloak
rCorr   +          Rampage  .   l - +0 pair of gloves
Will    .....                   (no boots)
Stlth   ..........              (no amulet)
HPRegen 0.19/turn               f - ring of resist corrosion
MPRegen 0.17/turn               (no ring)

@: berserking (expiring), lethally poisoned (0 -> -2), on blink cooldown, very
quick
A: no striking features
a: no special abilities


You were on level 4 of the Dungeon.
You visited 1 branch of the dungeon, and saw 5 of its levels.

You collected 214 gold pieces.
You spent 160 gold pieces at shops.

Inventory:

Hand Weapons
 k - a +1 whip of venom (weapon)
 y - a +4 quarterstaff of chaos
Missiles
 r - 2 curare-tipped darts
Armour
 c - a +0 hat (worn)
 l - a +0 pair of gloves (worn)
 w - a +2 leather armour of poison resistance (worn)
 A - a +1 cloak (worn)
Jewellery
 f - a ring of resist corrosion (left hand)
Wands
 B - a wand of polymorph (2)
Scrolls
 b - 3 scrolls of fear {unknown}
 e - 2 scrolls of magic mapping {unknown}
 h - 3 scrolls of vulnerability {unknown}
 i - 2 scrolls of immolation
 j - 2 scrolls of identify {unknown}
 m - 2 scrolls of poison {unknown}
 n - a scroll of teleportation {unknown}
 o - a scroll of noise {unknown}
 s - a scroll of acquirement {unknown}
Potions
 d - 2 potions of magic
 g - a potion of brilliance {unknown}
 p - 2 potions of curing {unknown}
 q - a potion of haste {unknown}
 t - a potion of cancellation {unknown}
 u - a potion of lignification {unknown}
 v - 4 potions of degeneration {unknown}
 x - a potion of might {unknown}
 z - a potion of flight {unknown}


   Skills:
 + Level 1.9 Fighting
 - Level 1.0 Armour
 - Level 3.0 Dodging
 - Level 3.0 Stealth
 * Level 7.9 Spellcasting
 + Level 3.8 Conjurations
 - Level 1.1 Summonings
 - Level 1.1 Translocations
 + Level 2.3 Fire Magic
 - Level 1.1 Air Magic
 - Level 1.0 Poison Magic


You had 10 spell levels left.
You knew the following spells:

 Your Spells              Type           Power      Damage    Failure   Level
a - Magic Dart            Conj           96%        1d7       2%          1
b - Mephitic Cloud        Conj/Pois/Air  16%        N/A       16%         3
c - Call Imp              Summ           12%        N/A       11%         2
d - Blink                 Tloc           24%        N/A       11%         2
e - Conjure Flame         Conj/Fire      21%        6-21      10%         3

Your spell library contained the following spells:

 Spells                   Type           Power      Damage    Failure   Level
 Slow                     Hex            32%        N/A       12%         1
 Manifold Assault         Tloc           12%        N/A       90%         5
 Storm Form               Tmut/Air       5%         N/A       100%        7


Dungeon Overview and Level Annotations

Branches:
Dungeon (5/15)
 Temple: D:4-7

Altars:
Kikubaaqudgha

Shops:
D:3 [


Message History

You are lethally poisoned!
The water moccasin poisons you!
* * * LOW HITPOINT WARNING * * *
You feel very sick.
Casting: Conjure Flame (dangerous; 10% risk of failure)
Confirm with . or Enter, or press ? or * to list all spells.
You are still too unstable to blink.
You feel stable enough to blink again.
* * * LOW HITPOINT WARNING * * *
You feel sick. The water moccasin closely misses you.
Unknown command.
Casting: Blink (safe; 11% risk of failure)
Confirm with . or Enter, or press ? or * to list all spells.
You blink.
* * * LOW HITPOINT WARNING * * *
You feel sick.
Your magical contamination has completely faded away.
Unknown command.
It was a potion of berserk rage.
A red film seems to cover your vision as you go berserk!
You feel yourself moving faster!
You feel mighty!
* * * LOW HITPOINT WARNING * * *
You feel sick.
You are too berserk!
Unknown command.
You are too berserk!
You feel a strong urge to attack something.
* * * LOW HITPOINT WARNING * * *
You feel sick.
* * * LOW HITPOINT WARNING * * *
You feel sick.
Unknown command.
You hit the water moccasin.
The water moccasin is moderately wounded.
Your white imp disappears in a puff of smoke!
The water moccasin misses you.
Unknown command.
You hit the water moccasin but do no damage.
The water moccasin is moderately wounded.
You die...

#..### ##...<.#######......
##.†.# #..##### #.....) ###.##
##.## ###...)## #..######..#
#.....### ##.#......##
######(###.).# #####...######
#..........#.# #5..5..##
#.........(... ##.###.##
#######..........#.. ...#
#..######.S@.............###
...####).##....#####..........#
# ..........§.####
###≈≈≈..###### ....####.####
######.≈≈≈≈≈≈... ....#
#.#########...>...≈..≈≈≈≈#
...##
#...##......###........≈≈≈ ..##
###....#######..####....≈# ###
###..# ##..## ##.##... ####
#..## #..#####


You could see a water moccasin.

Vanquished Creatures
  An ice beast (D:5)
  Blork the orc (D:5)
  2 scorpions (D:5)
  3 hounds
  Crazy Yiuf (D:4)
  A gnoll bouda (D:4)
  An iguana (D:4)
  10 gnolls
  2 adders
  3 dart slugs
  5 endoplasms
  6 giant cockroaches
  A goblin (D:4)
  7 hobgoblins
  3 jackals (D:1)
  7 ball pythons
  7 bats
  4 kobolds
  5 rats
70 creatures vanquished.

Notes
Turn   | Place    | Note
-------+----------+-------------------------------------------
     0 | D:1      | pokeman the Deep Elf Hedge Wizard began the quest for the
                  | Orb.
     0 | D:1      | Reached XP level 1. HP: 10/10 MP: 7/7
   185 | D:1      | Reached XP level 2. HP: 5/16 MP: 3/9
  1198 | D:2      | Reached skill level 5 in Spellcasting
  1362 | D:2      | Reached XP level 3. HP: 20/20 MP: 7/11
  1366 | D:2      | Learned a level 3 spell: Mephitic Cloud
  1372 | D:2      | Learned a level 2 spell: Call Imp
  1375 | D:2      | Learned a level 2 spell: Blink
  1379 | D:2      | Learned a level 3 spell: Conjure Flame
  1561 | D:2      | Reached skill level 1 in Fighting
  1561 | D:2      | Reached skill level 1 in Armour
  1745 | D:2      | Reached XP level 4. HP: 25/25 MP: 9/13
  1982 | D:2      | Found a faded altar of an unknown god.
  2255 | D:3      | Reached skill level 6 in Spellcasting
  2255 | D:3      | Reached XP level 5. HP: 24/29 MP: 4/15
  2675 | D:3      | Found an ancient bone altar of Kikubaaqudgha.
  2778 | D:3      | Found Ygizxila's Armour Shop.
  3054 | D:4      | Reached skill level 1 in Fire Magic
  3126 | D:4      | Reached skill level 1 in Air Magic
  3133 | D:4      | Reached XP level 6. HP: 15/34 MP: 4/17
  3137 | D:4      | Reached skill level 1 in Poison Magic
  3345 | D:3      | Bought a +2 leather armour of poison resistance for 160
                  | gold pieces
  3424 | D:4      | Found a runed translucent door.
  3425 | D:4      | Noticed Crazy Yiuf
  4166 | D:4      | Killed Crazy Yiuf
  4167 | D:4      | Reached skill level 7 in Spellcasting
  4272 | D:5      | Entered Level 5 of the Dungeon
  4280 | D:5      | Noticed an ice beast
  4293 | D:5      | Killed an ice beast
  4308 | D:5      | Noticed Blork the orc
  4315 | D:5      | Reached XP level 7. HP: 35/39 MP: 11/20
  4343 | D:5      | Killed Blork the orc
  4414 | D:4      | HP: 2/58 [poisoned by a water moccasin]
  4417 | D:4      | Succumbed to a water moccasin's poison

Illustrated notes

Levels and vault maps discovered:
D:1:      mrwooster_arrival_statue_2, layout_basic
D:2:      layout_rooms, hellmonk_ecumenical_altar_blasted, grunt_ministairs_10
D:3:      layout_loops_ring, mainiacjoe_overflow_alcove_1, serial_shops,
          nicolae_shop_hallway_plus
D:4:      layout_rooms, serial_rivers, chequers_serial_rivers_small_b,
          chequers_serial_rivers_micro_a, chequers_serial_rivers_small_b,
          chequers_serial_rivers_micro_c, chequers_serial_rivers_small_a,
          uniq_crazy_yiuf_cottage
D:5:      layout_rooms, minmay_fractal_squares_5, uniq_blork_the_orc

Skill      XL: |  1  2  3  4  5  6 |
---------------+-------------------+-----
Spellcasting   | 5 6 7 |  7.9
Fighting       | 1 |  1.9
Armour         | 1 |  1.0
Conjurations   | 2 3 |  3.8
Stealth        | 3 |  3.0
Dodging        | 3 |  3.0
Fire Magic     | 1 2 |  2.3
Air Magic      | 1 |  1.1
Poison Magic   | 1 |  1.0
Summonings     | |  1.1
Translocations | |  1.1

Action                   |  1- 3 |  4- 6 |  7- 9 || total
-------------------------+-------+-------+-------++-------
Melee: Dagger            |    35 |       |       ||    35
       Whip              |       |    29 |     9 ||    38
       Unarmed           |       |     1 |       ||     1
 Cast: Magic Dart        |    80 |    84 |     1 ||   165
       Mephitic Cloud    |     4 |     7 |     1 ||    12
       Conjure Flame     |     2 |       |     2 ||     4
       Call Imp          |     1 |     1 |     1 ||     3
       Blink             |       |       |     3 ||     3
  Use: Potion            |       |       |     1 ||     1
 Stab: Confused          |     1 |     3 |     2 ||     6
Armor: Robe              |     7 |     5 |       ||    12
       Leather armour    |       |     6 |     4 ||    10
Dodge: Dodged            |    37 |    16 |     8 ||    61

Table legend: (Time is in decaauts)
 A = Elapsed time spent in this place.
 B = Non-inter-level travel time spent in this place.
 C = Inter-level travel time spent in this place.
 D = Time resting spent in this place.
 E = Time spent auto-exploring this place.
 F = Levels seen in this place.
 G = Mean time per level.
                   A        B        C        D        E       F      G
               +--------+--------+--------+--------+--------+-----+--------+
         Total |   4428 |   4154 |    274 |     89 |   3427 |   5 |  885.6 |
       Dungeon |   4428 |   4154 |    274 |     89 |   3427 |   5 |  885.6 |
               +--------+--------+--------+--------+--------+-----+--------+

Top non-repeatable levels by time:
     D:4: 1245 daAuts
     D:1: 1219 daAuts
     D:2: 1005 daAuts
     D:3: 880 daAuts
     D:5: 78 daAuts
